 Dungeon Crawl Stone Soup version 0.30.1-3-gfc49f6343a (webtiles) character file.

Game seed: 2089114566233555562

5696 CaptainMV the Thaumaturge (level 10, -1/73 HPs)
             Began as a Demonspawn Wanderer on July 21, 2023.
             Succumbed to their own poison gas
             ... on level 1 of the Lair of Beasts.
             The game lasted 01:05:01 (3654 turns).

CaptainMV the Thaumaturge (Demonspawn Wanderer)     Turns: 3654, Time: 01:05:02

Health: -1/73      AC:  5    Str: 15    XL:     10   Next: 47%
Magic:  3/31       EV: 12    Int: 15    God:
Gold:   218        SH:  0    Dex: 13    Spells: 13/25 levels left

rFire   + . .        b - +2 whip (elec)
rCold   . . .        (no shield)
rNeg    . . .        s - +0 steam dragon scales
rPois   .            B - +1 hat
rElec   .            C - +0 cloak
rCorr   .            (no gloves)
SInv    .            r - +0 pair of boots
Will    .....        (no amulet)
Stlth   ++           i - ring of wizardry
HPRegen 0.32/turn    v - ring of magical power
MPRegen 0.22/turn

%: wizardry (x1)
@: brilliant, lethally poisoned (-1 -> -10)
A: demonic guardian 1, spiny 1, sturdy frame 1, demonic touch 1, hooves 1,
deformed body, fire resistance 1
a: no special abilities


You were on level 1 of the Lair of Beasts.
You visited 2 branches of the dungeon, and saw 7 of its levels.

You collected 218 gold pieces.

Inventory:

Hand Weapons
 b - a +2 whip of electrocution (weapon)
 p - a +0 quarterstaff
Missiles
 g - 2 poisoned darts (quivered)
 m - 4 datura-tipped darts
 u - 10 boomerangs
Armour
 r - a +0 pair of boots (worn)
 s - +0 steam dragon scales (worn)
 B - a +1 hat (worn)
 C - a +0 cloak (worn)
Magical Staves
 a - a staff of conjuration
Jewellery
 i - a ring of wizardry (left hand)
 q - a ring of ice
 v - a ring of magical power (right hand)
Wands
 f - a wand of polymorph (5)
 o - a wand of flame (14)
Scrolls
 w - 2 scrolls of teleportation
 A - a scroll of amnesia
 D - a scroll of silence
Potions
 c - a potion of invisibility
 j - a potion of berserk rage
 k - 2 potions of flight
 l - a potion of magic
 x - a potion of might


   Skills:
 + Level 4.3 Fighting
 + Level 4.2(5.0) Maces & Flails
 + Level 4.0(5.0) Staves
 + Level 2.9 Dodging
 + Level 2.8 Stealth
 + Level 8.2 Spellcasting
 + Level 3.5 Conjurations
 + Level 5.6 Hexes
 + Level 6.4 Summonings
 + Level 3.6 Fire Magic
 + Level 4.7 Earth Magic
 + Level 3.4 Evocations


You had 13 spell levels left.
You knew the following spells:

 Your Spells              Type           Power      Damage    Failure   Level
a - Summon Small Mammal   Summ           100%       N/A       1%          1
b - Sandblast             Erth           60%        2d14      1%          1
c - Summon Guardian Gole  Hex/Summ       36%        N/A       1%          3
d - Inner Flame           Hex/Fire       30%        N/A       2%          3
e - Animate Armour        Summ/Erth      68%        N/A       4%          4

Your spell library contained the following spells:

 Spells                   Type           Power      Damage    Failure   Level
 Shock                    Conj/Air       68%        1d7       2%          1
 Passwall                 Tmut/Erth      15%        N/A       2%          2
 Stone Arrow              Conj/Erth      54%        3d10      2%          3
 Flame Wave               Conj/Fire      25%        2d8       11%         4
 Sticky Flame             Conj/Fire      25%        2d5       11%         4
 Swiftness                Air            9%         N/A       14%         3
 Airstrike                Air            4%         2d(1-17)  41%         4
 Lehudib's Crystal Spear  Conj/Erth      13%        10d5      100%        8


Dungeon Overview and Level Annotations

Branches:
Dungeon (8/15)               Lair (1/5) D:8
 Temple: D:4-7

Altars:
Gozag
Kikubaaqudgha
Okawaru
Sif Muna

Shops:
D:2 (


Innate Abilities, Weirdness & Mutations

A weak demonic guardian rushes to your aid.
You are partially covered in sharp spines.
Your movements are slightly less encumbered by armour. (ER -2)
Your touch may inflict minor irresistible damage on your foes.
You have large cloven feet.
Armour fits poorly on your strangely shaped body.
Your flesh is heat resistant. (rF+)


Message History

You are lethally poisoned!
* * * LOW HITPOINT WARNING * * *
x2 You feel very sick.
Your ufetubus hits the elephant but does no damage.
Your ufetubus hits the elephant.
The elephant is engulfed in poison gas.
The elephant looks as sick as possible!
The elephant tramples your ufetubus.
Your ufetubus holds its ground!
Your ufetubus dies!
Your ufetubus disappears in a puff of smoke!
The elephant trumpets!
* * * LOW HITPOINT WARNING * * *
You feel very sick.
You hear a trumpeting!
You kill the elephant!
Your Fire Magic skill increases to level 2!
Your Earth Magic skill increases to level 4!
It was a potion of mutation.
You feel extremely strange.
Your body twists and deforms.
You feel resistant to heat.
Your feet thicken and deform.
* * * LOW HITPOINT WARNING * * *
You feel very sick.
The elephant is engulfed in poison gas.
The elephant looks even sicker.
It was a potion of experience.
You feel more experienced!
Your Fighting skill gained 2 levels and is now at level 4!
Your base Maces & Flails skill gained 2 levels and is now at level 4!
Your Dodging skill increases to level 2!
Your Stealth skill increases to level 2!
Your Spellcasting skill increases to level 8!
Your Conjurations skill gained 3 levels and is now at level 3!
Your Hexes skill gained 2 levels and is now at level 5!
Your Summonings skill increases to level 6!
Your Fire Magic skill increases to level 3!
You have reached level 10!
* * * LOW HITPOINT WARNING * * *
You feel very sick.
The elephant is engulfed in poison gas.
The elephant looks as sick as possible!
It was a potion of brilliance.
You feel clever all of a sudden.
You die...

## ######
####P##°P#.####Y#
.....§..☼......##.
......°☼§..§§○!Y.. .
#######.○###P#.#.#
... ##.○.## #
....######°..#.###..#
#........○..@.......
#.....<°§°§.........
#......○.○..........
.......§§○.☼.........
.#...................
.....................
........#.....##.....
.......##....## #..P#
....... #..... ..


There were no monsters in sight!

Vanquished Creatures
  An elephant (Lair:1)
  A wyvern (D:6)
  An ice beast (D:6)
  A black bear (D:7)
  An ogre (D:6)
  A phantom (D:6)
  A kobold brigand (D:6)
  A scorpion (D:6)
  3 killer bees (D:7)
  3 howler monkeys
  An orc priest (D:7)
  A hound (D:7)
  2 iguanas
  2 orc wizards
  4 adders
  A worm (D:2)
  A dart slug (D:2)
  8 orcs
  A giant cockroach (D:3)
  10 goblins
  5 hobgoblins
  12 kobolds
  A quokka (D:3)
  4 ball pythons
  4 bats
  A frilled lizard (D:2)
  5 rats
77 creatures vanquished.

Vanquished Creatures (collateral kills)
  A water moccasin (D:6)
  An ice beast (D:7)
  4 wights (D:7)
  A killer bee (D:7)
  A howler monkey (D:8)
  An orc priest (D:8)
  2 orc wizards (D:8)
  2 adders (D:6)
  4 orcs (D:7)
  A ball python (D:1)
  An endoplasm (D:1)
  7 goblins
26 creatures vanquished.

Vanquished Creatures (others)
  An elephant (Lair:1)
  A steam dragon (D:6)
  Pargi (D:3)
  An ogre (D:6)
  A bullfrog (D:6)
  A scorpion (D:6)
  A killer bee (D:7)
  A jelly (D:6)
  Robin (D:3)
  2 hobgoblins (D:3)
11 creatures vanquished.

Grand Total: 114 creatures vanquished

Notes
Turn   | Place    | Note
-------+----------+-------------------------------------------
     0 | D:1      | CaptainMV the Demonspawn Wanderer began the quest for the
                  | Orb.
     0 | D:1      | CaptainMV set off with the following items: a +0
                  | quarterstaff, a wand of polymorph (6), a potion of
                  | invisibility, a +0 leather armour; and the following spell
                  | memorised: Summon Small Mammal; and the following spells
                  | available to memorise: Summon Guardian Golem, Animate
                  | Armour.
     0 | D:1      | Reached XP level 1. HP: 13/13 MP: 2/2
    73 | D:1      | Learned a level 1 spell: Sandblast
   152 | D:1      | Found a faded altar of an unknown god.
   166 | D:1      | Gained mutation: Your movements are slightly less
                  | encumbered by armour. (ER -2) [demonic ancestry]
   166 | D:1      | Reached XP level 2. HP: 17/19 MP: 1/3
   790 | D:2      | Reached XP level 3. HP: 25/25 MP: 0/4
   852 | D:2      | Found an iron altar of Okawaru.
   949 | D:2      | Found Lifu's Weapon Shop.
   973 | D:2      | Learned a level 3 spell: Summon Guardian Golem
  1054 | D:2      | HP: 1/25 [worm (9)]
  1225 | D:3      | Reached skill level 2 in Spellcasting
  1401 | D:3      | Reached XP level 4. HP: 31/31 MP: 7/7
  1433 | D:3      | Noticed Pargi
  1434 | D:3      | Noticed Robin
  1586 | D:3      | Killed Robin
  1599 | D:3      | Killed Pargi
  1600 | D:3      | Reached skill level 3 in Spellcasting
  1600 | D:3      | Reached XP level 5. HP: 36/36 MP: 6/9
  1675 | D:3      | Learned a level 3 spell: Inner Flame
  1782 | D:3      | You fall into a shaft and drop 3 floors!
  1985 | D:6      | Reached skill level 1 in Hexes
  2021 | D:6      | Noticed a steam dragon
  2023 | D:6      | Gained mutation: You are partially covered in sharp spines.
                  | [demonic ancestry]
  2023 | D:6      | Reached XP level 6. HP: 42/42 MP: 4/11
  2025 | D:6      | Killed a steam dragon
  2026 | D:6      | Reached skill level 4 in Spellcasting
  2026 | D:6      | Reached skill level 1 in Fire Magic
  2026 | D:6      | Reached skill level 1 in Earth Magic
  2031 | D:6      | Noticed Maggie
  2051 | D:6      | Maggie changed into Maggie the wyvern
  2051 | D:6      | Noticed Maggie
  2059 | D:6      | Killed Maggie the wyvern
  2060 | D:6      | Reached skill level 1 in Fighting
  2060 | D:6      | Reached XP level 7. HP: 14/47 MP: 1/13
  2165 | D:6      | Found a shimmering blue altar of Sif Muna.
  2285 | D:6      | Reached skill level 5 in Spellcasting
  2299 | D:6      | Reached skill level 1 in Maces & Flails
  2413 | D:6      | Reached skill level 1 in Dodging
  2413 | D:6      | Gained mutation: A weak demonic guardian rushes to your
                  | aid. [demonic ancestry]
  2413 | D:6      | Reached XP level 8. HP: 56/56 MP: 16/16
  2503 | D:6      | Reached skill level 1 in Stealth
  2769 | D:6      | Learned a level 4 spell: Animate Armour
  2867 | D:7      | Reached skill level 5 in Summonings
  2915 | D:7      | Reached skill level 6 in Spellcasting
  3040 | D:7      | Found an opulent altar of Gozag.
  3186 | D:7      | Found an ancient bone altar of Kikubaaqudgha.
  3392 | D:7      | Gained mutation: Your touch may inflict minor irresistible
                  | damage on your foes. [demonic ancestry]
  3392 | D:7      | Reached XP level 9. HP: 61/61 MP: 8/18
  3583 | D:8      | Found a staircase to the Lair.
  3624 | Lair:1   | Entered Level 1 of the Lair of Beasts
  3635 | Lair:1   | Noticed an elephant
  3636 | Lair:1   | Noticed an elephant
  3636 | Lair:1   | Noticed an elephant
  3638 | Lair:1   | Noticed an elephant
  3641 | Lair:1   | Noticed an elephant
  3643 | Lair:1   | Noticed an elephant
  3647 | Lair:1   | Killed an elephant
  3648 | Lair:1   | Reached skill level 7 in Spellcasting
  3651 | Lair:1   | Killed an elephant
  3652 | Lair:1   | Gained mutation: Armour fits poorly on your strangely
                  | shaped body. [potion of mutation]
  3652 | Lair:1   | Gained mutation: Your flesh is heat resistant. (rF+)
                  | [potion of mutation]
  3652 | Lair:1   | Gained mutation: You have large cloven feet. [potion of
                  | mutation]
  3652 | Lair:1   | HP: 3/61 [poisoned by you (poison gas)]
  3653 | Lair:1   | Reached skill level 8 in Spellcasting
  3653 | Lair:1   | Reached skill level 5 in Hexes
  3653 | Lair:1   | Reached XP level 10. HP: 3/73 MP: 2/22
  3653 | Lair:1   | HP: 1/73 [poisoned by you (poison gas)]
  3654 | Lair:1   | Succumbed to their own poison gas

Illustrated notes

Levels and vault maps discovered:
D:1:      shiori_arrival_oz, layout_basic, hellmonk_ecumenical_altar_crossroads,
          hangedman_decor_clover_reticule
D:2:      cheibrodos_greedy_goblins, layout_rooms, basic_altar, serial_shops,
          shop, minmay_misc_feat_hallway, dk_noncrumbling_3
D:3:      layout_basic, nicolae_overflow_ecumenical_swirl, uniq_robin,
          uniq_grinder, uniq_pargi
D:6:      minmay_inner_zag, layout_loops_ring, lemuel_crystal_altar,
          nicolae_concentric_dashed_squares_mild, minivault_11, uniq_maggie
D:7:      layout_basic, grunt_gozag_statues,
          mainiacjoe_overflow_surrounded_room, chequers_mini_garden,
          nicolae_titane
D:8:      minmay_cut_squares, layout_gridville, grunt_temple_overflow_open
Lair:1:   layout_gridlike, chequers_serial_rivers_room_b, st_stairs_7

Skill      XL: |  1  2  3  4  5  6  7  8  9 |
---------------+----------------------------+-----
Staves         | 4 |  4.0
Spellcasting   | 2 3 4 5 6 8 |  8.2
Hexes          | 1 2 3 5 |  5.6
Summonings     | 3 4 5 6 |  6.4
Fire Magic     | 1 3 |  3.6
Earth Magic    | 1 3 4 |  4.7
Fighting       | 1 2 4 |  4.3
Maces & Flails | 1 2 4 |  4.2
Dodging        | 1 2 |  2.9
Stealth        | 1 2 |  2.8
Conjurations   | 3 |  3.5
Evocations     | |  3.4

Action                     |  1- 3 |  4- 6 |  7- 9 | 10-12 || total
---------------------------+-------+-------+-------+-------++-------
  Melee: Quarterstaff      |    14 |       |       |       ||    14
         Whip              |    39 |    21 |    53 |       ||   113
         Staff             |    21 |     3 |     4 |       ||    28
   Cast: Summon Small Mamm |    17 |    17 |    22 |       ||    56
         Sandblast         |    25 |     4 |    24 |       ||    53
         Summon Guardian G |     4 |    11 |    18 |       ||    33
         Inner Flame       |       |     7 |    10 |       ||    17
         Animate Armour    |       |       |    10 |       ||    10
  Evoke: Wand              |     1 |     1 |     4 |       ||     6
    Use: Scroll            |     6 |     3 |    11 |       ||    20
         Potion            |     1 |     2 |     5 |     1 ||     9
   Stab: Sleeping          |     1 |       |       |       ||     1
 Armour: Leather armour    |    24 |    13 |       |       ||    37
         Skin              |       |       |    13 |       ||    13
         Steam dragon scal |       |       |    32 |       ||    32
  Dodge: Dodged            |    38 |    15 |    33 |       ||    86
